 Dungeon Crawl Stone Soup version 0.29.1-2-gbd0b4ee654 (webtiles) character file.

Game seed: 471280638751649311

4 wingedge the Caller (level 2, 0/22 HPs)
             Began as a Meteoran Summoner on Nov 2, 2022.
             Slain by a jackal (1 damage)
             ... on level 1 of the Dungeon.
             The game lasted 00:01:41 (103 turns).

wingedge the Caller (Meteoran Summoner)              Turns: 103, Time: 00:01:42

Health: 0/22       AC:  2    Str:  9    XL:     2   Next: 0%
Magic:  3/6        EV: 12    Int: 16    God:
Gold:   14         SH:  0    Dex: 14    Spells: 5/6 levels left

rFire   . . .      SeeInvis .   c - +0 dagger
rCold   . . .      Faith    .   (no shield)
rNeg    . . .      Spirit   .   a - +0 robe
rPois   .          Reflect  .   (no helmet)
rElec   .          Harm     .   (no cloak)
rCorr   .          Rampage  .   (no gloves)
Will    .....                   (no boots)
Stlth   +.........              (no amulet)
HPRegen 0.07/turn               (no ring)
MPRegen 0.10/turn               (no ring)

@: glowing
A: sense surroundings 1, otherworldly, glowing, explore regen
a: no special abilities


You were on level 1 of the Dungeon.
You visited 1 branch of the dungeon, and saw 1 of its levels.

You collected 14 gold pieces.

Inventory:

Hand Weapons
 c - a +0 dagger (weapon)
Armour
 a - a +0 robe (worn)
Scrolls
 d - a scroll of noise {unknown}
 e - a scroll of torment {unknown}
Potions
 b - a potion of magic


   Skills:
 + Level 0.4 Fighting
 + Level 2.5 Dodging
 - Level 1.4 Stealth
 + Level 2.8 Spellcasting
 + Level 4.9 Summonings


You had 5 spell levels left.
You knew the following spells:

 Your Spells              Type           Power      Damage    Failure   Level
a - Summon Small Mammal   Summ           72%        N/A       2%          1

Your spell library contained the following spells:

 Spells                   Type           Power      Damage    Failure   Level
 Call Imp                 Summ           18%        N/A       3%          2
 Call Canine Familiar     Summ           18%        N/A       8%          3
 Summon Guardian Golem    Hex/Summ       10%        N/A       21%         3
 Summon Lightning Spire   Summ/Air       10%        N/A       56%         4


Dungeon Overview and Level Annotations

Branches:
Dungeon (1/15) Zot: 496

Altars:

Shops:
D:1 !


Innate Abilities, Weirdness & Mutations

You passively map a small area around you.
You are easily found by Zot.
You glow in the dark.
You regain HP and MP as you explore.


Message History

Confirm with . or Enter, or press ? or * to list all spells.
The jackal closely misses you.
You hit the jackal but do no damage. The jackal bites you.
Your quokka barely misses the jackal.
The jackal bites you.
You closely miss the jackal.
Your quokka bites the jackal.
The jackal bites you but does no damage.
Your quokka closely misses the jackal.
You barely miss the jackal.
The jackal is moderately wounded.
The jackal bites you. x2
* * * LOW HITPOINT WARNING * * *
Your quokka bites the jackal. x2
Okay, then.
You hit the jackal but do no damage.
The jackal is almost dead.
The jackal bites you.
* * * LOW HITPOINT WARNING * * *
The jackal closely misses you.
Your quokka barely misses the jackal.
Your quokka completely misses the jackal.
The jackal barely misses you. The jackal barely misses your quokka.
Your quokka bites the jackal.
The jackal dies!
You have reached level 2!
You barely miss the jackal.
Your quokka closely misses the jackal.
The jackal misses you.
Your quokka misses the jackal.
Your quokka bites the jackal.
Unknown command.
You closely miss the jackal.
The jackal is heavily wounded.
The jackal misses you.
The jackal bites you but does no damage.
Your quokka barely misses the jackal.
Your quokka completely misses the jackal.
The jackal barely misses you. The jackal closely misses you.
You hit the jackal but do no damage.
The jackal is heavily wounded.
Your quokka bites the jackal but does no damage.
The jackal bites you but does no damage.
The jackal bites you.
You die...

.......# .....##. *..# ,
........ , ..# *
.#.#.##. , ##.### * *
...# **### ,.... * ♣ ,
#### * *#... , ...#**#.#
* , ..##.**#..##!..#
#########.##.###rh..# *
.......##.##....@h..# *
######....###...r##.....
####.# ###..## *### #.#
##...# #.####..#.#
#.........# ###########


You could see 2 jackals and 2 friendly quokkas.

Vanquished Creatures
  A kobold (D:1)
1 creature vanquished.

Vanquished Creatures (collateral kills)
  A goblin (D:1)
  A jackal (D:1)
  A rat (D:1)
3 creatures vanquished.

Grand Total: 4 creatures vanquished

Notes
Turn   | Place    | Note
-------+----------+-------------------------------------------
     0 | D:1      | wingedge the Meteoran Summoner began the quest for the Orb.
     0 | D:1      | Reached XP level 1. HP: 14/14 MP: 5/5
    89 | D:1      | Found Goheotann's Distillery.
   101 | D:1      | Reached XP level 2. HP: 1/22 MP: 3/6
   103 | D:1      | Slain by a jackal

Illustrated notes

Levels and vault maps discovered:
D:1:      shiori_arrival_maze, layout_loops_ring, serial_shops,
          nicolae_square_shop, nicolae_shop_trees, nicolae_lakefront_shop,
          nicolae_shop_crystal, palyth_stone_intersect

Action                   || total
-------------------------++-------
Melee: Dagger            ||    10
       Unarmed           ||     2
 Cast: Summon Small Mamm ||     4
Armor: Robe              ||     3
Dodge: Dodged            ||     9
